 Dungeon Crawl Stone Soup version 0.25-a0-346-g140ab784a8 (webtiles) character file.

Game seed: 12054964370022979286, levelgen mode: deterministic

168 BritishOli the Slasher (level 5, -2/41 HPs)
             Began as a Demonspawn Gladiator on Jan 1, 2020.
             Slain by an ogre
             ... wielding a +0 giant club
              (5 damage)
             ... on level 4 of the Dungeon.
             The game lasted 00:02:04 (2118 turns).

BritishOli the Slasher (Demonspawn Gladiator)       Turns: 2118, Time: 00:02:05

Health: -2/41      AC:  3    Str: 15    XL:     5   Next: 24%
Magic:  5/5        EV: 13    Int:  9    God:
Gold:   112        SH:  0    Dex: 15    Spells: 4/4 levels left

rFire    . . .     SeeInvis .   a - +0 long sword
rCold    . . .     Gourm    .   (no shield)
rNeg     . . .     Faith    .   b - +0 leather armour
rPois    .         Spirit   .   (helmet restricted)
rElec    .         Reflect  .   (no cloak)
rCorr    .         Harm     .   (no gloves)
MR       .....                  (no boots)
Stlth    ++........             (no amulet)
HPRegen  0.13/turn              (no ring)
MPRegen  0.09/turn              (no ring)

@: no status effects
A: horns 1, nightstalker 1
a: no special abilities


You were on level 4 of the Dungeon.
You were very hungry.

You visited 1 branch of the dungeon, and saw 4 of its levels.

You collected 112 gold pieces.

Inventory:

Hand Weapons
 a - a +0 long sword (weapon)
Missiles
 d - 3 throwing nets (quivered)
Armour
 b - a +0 leather armour (worn)
 c - a +0 helmet
 n - a +0 plate armour
Scrolls
 g - 4 scrolls of identify {unknown}
 h - 2 scrolls of fear {unknown}
 j - 2 scrolls of fog {unknown}
 k - 2 scrolls of enchant weapon {unknown}
 m - a scroll of teleportation {unknown}
 o - a scroll of magic mapping {unknown}
 p - a scroll of remove curse {unknown}
Potions
 e - 2 potions of brilliance {unknown}
 i - 3 potions of heal wounds {unknown}
 l - a potion of cancellation {unknown}
 q - 2 potions of curing {unknown}
Comestibles
 f - 8 rations


   Skills:
 + Level 3.1 Fighting
 * Level 3.7 Long Blades
 - Level 2.6 Throwing
 + Level 0.6 Armour
 + Level 3.5 Dodging


You had 4 spell levels left.
You didn't know any spells.
Your spell library contained the following spells:

 Spells                   Type           Power        Failure   Level  Hunger
 Animate Skeleton         Necr           N/A          45%         1    ##.....
 Apportation              Tloc           #.....       45%         1    ##.....
 Confusing Touch          Hex            #.....       45%         1    ##.....
 Summon Small Mammal      Summ           #...         45%         1    ##.....
 Confuse                  Hex            #.......     83%         3    ####...
 Gell's Gravitas          Tloc           #.........   83%         3    ####...
 Petrify                  Tmut/Erth      #.......     99%         4    #####..
 Metabolic Englaciation   Hex/Ice        #.........   100%        5    ######.
 Yara's Violent Unravell  Hex/Tmut       #.........   100%        5    ######.


Dungeon Overview and Level Annotations

Branches:
Dungeon (4/15)
 Temple: D:4-7

Altars:
Okawaru
Zin


Innate Abilities, Weirdness & Mutations

You have a pair of small horns on your head.
You are slightly more attuned to the shadows.


Message History

The ogre barely misses you.
You slash the ogre!
The ogre is moderately wounded.
The ogre closely misses you.
You barely miss the ogre.
You headbutt the ogre, but do no damage.
The ogre is moderately wounded.
The ogre closely misses you.
You hit the ogre but do no damage.
The ogre is moderately wounded.
The ogre hits you with a +0 giant club!
* * * LOW HITPOINT WARNING * * *
You hit the ogre.
The ogre is moderately wounded.
The ogre closely misses you.
You hit the ogre.
You headbutt the ogre, but do no damage.
The ogre is heavily wounded.
The ogre hits you with a +0 giant club.
You die...

# !. .## ##...
..##..... ##........ ..
. #......... ..#
..###......... ##.###
....#......... .#...#.
.......<@...... .. ..
....... ..#.....O......
.)## ..
.......####..##........
...##.
#........#..##.........
...#.
#...............######
##...
##.....††........#
#....
..................# #..
............##..#... ..
#..
#...........##..##.##
..# ##.


You could see an ogre.

Vanquished Creatures
  A hound (D:4)
  Jessica (D:2)
  A worker ant (D:4)
  3 adders
  An adder skeleton (D:4)
  A worm (D:2)
  A dart slug (D:1)
  A leopard gecko (D:2)
  An orc (D:3)
  A ball python (D:3)
  A giant cockroach (D:1)
  5 goblins
  7 hobgoblins
  7 jackals
  4 kobolds
  A quokka (D:2)
  9 bats
  A frilled lizard (D:1)
  5 rats
52 creatures vanquished.

Notes
Turn   | Place    | Note
-------+----------+-------------------------------------------
     0 | D:1      | BritishOli the Demonspawn Gladiator began the quest for the
                  | Orb.
     0 | D:1      | Reached XP level 1. HP: 16/16 MP: 1/1
    85 | D:1      | Gained mutation: You have a pair of small horns on your
                  | head. [demonic ancestry]
    85 | D:1      | Reached XP level 2. HP: 9/22 MP: 2/2
   739 | D:2      | Reached XP level 3. HP: 24/28 MP: 3/3
   803 | D:2      | Found a glowing silver altar of Zin.
   807 | D:2      | Found an iron altar of Okawaru.
  1470 | D:2      | Noticed Jessica
  1475 | D:2      | Killed Jessica
  1475 | D:2      | Reached XP level 4. HP: 32/34 MP: 4/4
  2056 | D:4      | Gained mutation: You are slightly more attuned to the
                  | shadows. [demonic ancestry]
  2056 | D:4      | Reached XP level 5. HP: 35/41 MP: 5/5
  2103 | D:4      | Noticed an ogre
  2116 | D:4      | HP: 2/41 [ogre/+0 giant club (15)]
  2118 | D:4      | Slain by an ogre

Levels and vault maps discovered:
D:1:      minmay_arrival_diagonal_passages, layout_loops_ring, st_stairs_1
D:2:      layout_loops_ring, grunt_temple_overflow_open, grunt_ministairs_9,
          uniq_jessica
D:3:      minmay_skewed_foursquare, layout_basic, lemuel_round_altar,
          chequers_ecumenical_altar_simple
D:4:      layout_cave_pools, nicolae_overflow_quartered_altars

Skill      XL: |  1  2  3  4 |
---------------+-------------+-----
Throwing       | 2 |  2.6
Long Blades    | 3 |  3.7
Dodging        | 3 |  3.5
Fighting       | 3 |  3.1
Armour         | |  0.6

Action                   |  1- 3 |  4- 6 || total
-------------------------+-------+-------++-------
Melee: Long sword        |   116 |    39 ||   155
       Headbutt          |    12 |    14 ||    26
  Eat: Chunk             |     1 |     2 ||     3
Armor: Leather armour    |    37 |     7 ||    44
Dodge: Dodged            |   111 |    42 ||   153
       Rpst.: Long sword |    31 |    15 ||    46

Table legend:
 A = Non-vault XP
 B = Vault XP
 C = Vault XP percentage of total XP
 D = Non-vault monster count
 E = Vault monster count
 F = Vault count percentage of total count
                 A         B        C        D         E       F
            +---------+---------+-------+---------+---------+-------
      Total |     196 |      45 |  18.7 |      47 |       5 |   9.6
            +---------+---------+-------+---------+---------+-------
        D:1 |      31 |       6 |  16.2 |      20 |       2 |   9.1
        D:2 |      49 |      39 |  44.3 |      14 |       3 |  17.6
        D:3 |      24 |       0 |   0.0 |       6 |       0 |   0.0
        D:4 |      92 |       0 |   0.0 |       7 |       0 |   0.0
            +---------+---------+-------+---------+---------+-------
